 Dungeon Crawl Stone Soup version 0.31-a0-844-gdc52ec4e09 (webtiles) character file.

Game seed: 2784381657791640774

1484 Kurtz the Cleaver (level 8, -2/52 HPs)
             Began as an Octopode Fighter on Oct 1, 2023.
             Was an Initiate of Gozag.
             Slain by an orc wizard
             ... wielding a +0 dagger of speed
              (3 damage)
             ... on level 7 of the Dungeon.
             The game lasted 00:05:44 (5126 turns).

Kurtz the Cleaver (Octopode Fighter)                Turns: 5126, Time: 00:05:45

Health: -2/52      AC:  1    Str: 21    XL:     8   Next: 79%
Magic:  8/8        EV: 13    Int: 10    God:    Gozag
Gold:   379        SH:  0    Dex: 14    Spells: 7/7 levels left

rFire   . . .        a - +0 war axe
rCold   . . .        b - +0 buckler
rNeg    . . .        (helmet restricted)
rPois   .            m - amulet of magic regeneration
rElec   .            k - +6 ring of strength
rCorr   .            (no ring)
SInv    .            (no ring)
Will    .....        (no ring)
Stlth   ++           (no ring)
HPRegen 0.28/turn    (no ring)
MPRegen 0.51/turn    (no ring)
                     (no ring)

%: no passive effects
@: confused, gold aura
A: almost no armour, amphibious, 8 rings, camouflage 1, gelatinous body 1,
(nimble swimmer 1), tentacles
a: Renounce Religion, Potion Petition, Call Merchant, Bribe Branch


You were on level 7 of the Dungeon.
You worshipped Gozag.
Gozag was aware of your devotion.
You visited 2 branches of the dungeon, and saw 8 of its levels.

You collected 509 gold pieces.
You paid 130 gold pieces to Gozag.

Inventory:

Hand Weapons
 a - a +0 war axe (weapon)
Missiles
 f - 19 poisoned darts (quivered)
Armour
 b - a +0 buckler (worn)
Jewellery
 k - a +6 ring of strength (left tentacle)
 m - an amulet of magic regeneration (around mantle)
Scrolls
 d - 2 scrolls of teleportation {unknown}
 e - a scroll of immolation {unknown}
 g - 3 scrolls of enchant weapon {unknown}
 h - a scroll of blinking {unknown}
 n - 2 scrolls of identify {unknown}
 q - a scroll of amnesia {unknown}
 s - a scroll of fog {unknown}
 t - 2 scrolls of fear {unknown}
Potions
 c - 2 potions of might
 i - a potion of experience {unknown}
 j - 2 potions of lignification {unknown}
 l - a potion of berserk rage {unknown}
 o - a potion of curing
 p - 2 potions of mutation {unknown}
 r - a potion of ambrosia {unknown}


   Skills:
 - Level 3.0 Fighting
 * Level 10.8 Axes
 - Level 3.0 Dodging
 - Level 3.0 Shields


You had 7 spell levels left.
You didn't know any spells.
Your spell library contained the following spells:

 Spells                   Type           Power      Damage    Failure   Level
 Foxfire                  Conj/Fire      0%         2x1d4     43%         1
 Freeze                   Ice            0%         1d3       43%         1
 Magic Dart               Conj           0%         1d3       43%         1
 Call Imp                 Summ           0%         N/A       56%         2
 Frozen Ramparts          Ice            0%         1d1       80%         3
 Hailstorm                Conj/Ice       0%         3d3       80%         3
 Mephitic Cloud           Conj/Pois/Air  0%         N/A       80%         3
 Plasma Beam              Fire/Air       0%         2x1d10    100%        6
 Starburst                Conj/Fire      0%         6d3       100%        6


Dungeon Overview and Level Annotations

Branches:
Dungeon (7/15)             Temple (1/1) D:6

Altars:
Ashenzari
Cheibriados
Dithmenos
Gozag
Makhleb
Nemelex Xobeh
Qazlal
Ru
Trog
Uskayaw
Vehumet
Wu Jian
Yredelemnul
Zin
The Shining One

Shops:
D:6 [?*

Portals:
Abyss: D:6

Annotations:
D:4 3 runed translucent doors, beavisfan's ghost, amateur FeCK
D:6 2 transporters, exclusion: troll, Jeremiah; hgbash's ghost, amateur DsSh
D:7 exclusion: steam dragon


Innate Abilities, Weirdness & Mutations

You cannot wear most types of armour.
You are amphibious.
You can wear up to eight rings at the same time.
Your skin changes colour to match your surroundings (Stealth+).
Your rubbery body absorbs attacks. (AC +1, EV +1)
((You are camouflaged when in or above water. (Stealth+)))
You have tentacles for arms and can constrict up to eight enemies at once.


Message History

The hound pauses to sniff the ground.
The hound barely misses you.
Unknown command.
It was a potion of curing.
You feel better. The hound misses you. The orc wizard casts a spell at you.
The magic dart hits you. You block the orc warrior's attack.
The orc wizard casts a spell at you.
You are confused.
The hound misses you.
Unknown command.
The orc wizard hits you with a +0 dagger of speed.
The orc warrior attacks as it pursues you!
The orc warrior hits you with a +0 scimitar!
The orc wizard hits you with a +0 dagger of speed.
Unknown command.
You closely miss the orc wizard. You hit the orc wizard.
You closely miss the orc warrior.
The kobold is distracted by your dazzling golden aura.
The orc wizard hits you with a +0 dagger.
The orc warrior closely misses you. The orc wizard barely misses you.
The hound bites you.
You closely miss the orc wizard.
The orc wizard is heavily wounded.
You barely miss the hound.
The kobold shouts!
You slash the orc wizard! You miss the orc warrior.
You hear a shout! x2
The orc wizard hits you but does no damage.
The orc warrior hits you with a +0 scimitar.
The orc wizard barely misses you. The hound bites you.
The orc wizard hits you with a +0 dagger of speed.
* * * LOW HITPOINT WARNING * * *
You're too confused to move!
The hound misses you.
The orc wizard hits you with a +0 dagger.
* * * LOW HITPOINT WARNING * * *
The orc warrior hits you with a +0 scimitar!
* * * LOW HITPOINT WARNING * * *
The orc wizard hits you with a +0 dagger of speed.
You die...
Your body crumbles into a pile of gold.

... #
####..<..........##..##
#........###........##
#...##...#####........#
#..#.........###.....##
. #........#.....####
..#......#.....<##
..............#..##
....>........)#...##
......o@...........#
....K.ooh.........##
...[..$..##.......#
.........###....###
......#### ##.###
...... ### ......
...... .....


You could see an orc warrior, a hound, 2 orc wizards and a kobold.

Vanquished Creatures
  A water moccasin (D:6)
  A sky beast (D:7)
  2 ogres
  A black bear (D:6)
  A centaur (D:4)
  A phantom (D:5)
  A kobold brigand (D:5)
  A scorpion (D:5)
  3 wights (D:6)
  A hound (D:5)
  2 jellies
  3 orc priests
  Ijyb (D:3)
  Terence (D:2)
  Natasha (thrice) (D:2)
  5 orc wizards
  Robin (D:2)
  5 adders
  2 shadow imps
  An ufetubus (D:6)
  2 dart slugs
  11 orcs
  8 endoplasms
  A giant cockroach (D:3)
  9 goblins
  11 hobgoblins
  3 jackals (D:3)
  8 kobolds
  2 quokkas (D:4)
  4 ball pythons
  4 bats
  9 frilled lizards
  A rat (D:1)
110 creatures vanquished.

Notes
Turn   | Place    | Note
-------+----------+-------------------------------------------
     0 | D:1      | Kurtz the Octopode Fighter began the quest for the Orb.
     0 | D:1      | Reached XP level 1. HP: 16/16 MP: 1/1
   233 | D:1      | Reached XP level 2. HP: 17/21 MP: 2/2
   655 | D:2      | Noticed Natasha
   659 | D:2      | Killed Natasha
   660 | D:2      | Reached skill level 3 in Axes
   660 | D:2      | Reached XP level 3. HP: 26/26 MP: 3/3
   708 | D:2      | Noticed Terence
   715 | D:2      | HP: 1/26 [Terence/+0 hand axe (3)]
   718 | D:2      | Killed Terence
   719 | D:2      | Reached skill level 4 in Axes
   719 | D:2      | Reached XP level 4. HP: 21/31 MP: 4/4
   829 | D:2      | Noticed Natasha
   836 | D:2      | Killed Natasha
   837 | D:2      | Reached skill level 5 in Axes
   837 | D:2      | Reached XP level 5. HP: 26/36 MP: 5/5
   841 | D:2      | Noticed Natasha
   846 | D:2      | Killed Natasha
   999 | D:2      | Noticed Robin
  1096 | D:2      | Killed Robin
  1480 | D:3      | Noticed Ijyb
  1486 | D:3      | Killed Ijyb
  1487 | D:3      | Reached skill level 6 in Axes
  1515 | D:3      | Found a faded altar of an unknown god.
  1567 | D:3      | Reached XP level 6. HP: 42/42 MP: 6/6
  2053 | D:4      | Reached skill level 7 in Axes
  2133 | D:4      | Noticed beavisfan's ghost (amateur FeCK)
  2149 | D:4      | Noticed an ice beast
  2160 | D:4      | Found a runed translucent gate.
  2160 | D:4      | Found a runed translucent gate.
  2160 | D:4      | Found a runed translucent gate.
  2226 | D:4      | You fall into a shaft and drop 1 floor!
  2226 | D:5      | Entered Level 5 of the Dungeon
  2353 | D:5      | Reached XP level 7. HP: 44/46 MP: 7/7
  2581 | D:5      | Reached skill level 8 in Axes
  3405 | D:6      | Noticed Jeremiah
  3415 | D:6      | Noticed a troll
  3441 | D:6      | Found a staircase to the Ecumenical Temple.
  3452 | Temple   | Entered the Ecumenical Temple
  3470 | Temple   | Became a worshipper of Gozag Ym Sagoz the Greedy
  3505 | D:6      | Found Ybemo's Magic Scroll Shop.
  3506 | D:6      | Found Roci's Antique Armour Shop.
  3507 | D:6      | Found Tionel's General Store.
  3631 | D:7      | Reached skill level 9 in Axes
  3632 | D:7      | Reached XP level 8. HP: 50/52 MP: 8/8
  4061 | D:6      | Found a transporter.
  4092 | D:6      | Found a transporter.
  4093 | D:6      | Noticed a rakshasa
  4102 | D:6      | Found a one-way gate to the infinite horrors of the Abyss.
  4103 | D:6      | Noticed hgbash's ghost (amateur DsSh)
  4116 | D:6      | Noticed a green ugly thing
  4134 | D:6      | Reached skill level 10 in Axes
  5126 | D:7      | HP: 1/52 [orc warrior/+0 scimitar (8)]
  5126 | D:7      | Slain by an orc wizard

Illustrated notes

Levels and vault maps discovered:
D:1:      dpeg_arrival_stone_temple_mockup, layout_basic, nicolae_eternal_life
D:2:      layout_basic, minmay_lizard_king, uniq_terence, uniq_robin,
          uniq_natasha
D:3:      layout_loops_cross, shapermc_ecumenical_altar_venn,
          minmay_tree_intersection, minmay_fountain_box, uniq_ijyb
D:4:      layout_basic, serial_shops, shop, gammafunk_ghost_icy
D:5:      layout_basic
D:6:      layout_basic, minmay_temple_entry_slanted,
          gammafunk_ghost_abyssal_escape, moated_statue,
          nicolae_shop_distant_corner_stores, nicolae_kite_square_tiling_tiny,
          uniq_jeremiah
D:7:      layout_cave_pools, nicolae_elyvilon_temple_path
Temple:   bh_familiar_temple

Skill      XL: |  1  2  3  4  5  6  7  8 |
---------------+-------------------------+-----
Axes           | 3 4 5 6 7 9 10 | 10.8
Fighting       | |  3.0
Dodging        | |  3.0
Shields        | |  3.0

Action                     |  1- 3 |  4- 6 |  7- 9 || total
---------------------------+-------+-------+-------++-------
  Melee: War axe           |    25 |    97 |    89 ||   211
         Constrict         |     6 |    25 |    16 ||    47
         Tentacles         |     6 |    11 |    24 ||    41
         Punch             |       |     1 |     3 ||     4
  Throw: Dart              |       |     4 |    18 ||    22
  Evoke: Wand              |       |     3 |       ||     3
    Use: Potion            |     2 |       |     1 ||     3
   Stab: Sleeping          |     3 |     7 |       ||    10
         Distracted        |       |     3 |     1 ||     4
         Paralysed         |       |     2 |       ||     2
 Armour: Skin              |    11 |    42 |    54 ||   107
  Dodge: Dodged            |     8 |    56 |    40 ||   104
  Block: Buckler           |     5 |    22 |    12 ||    39

Table legend: (Time is in decaauts)
 A = Elapsed time spent in this place.
 B = Non-inter-level travel time spent in this place.
 C = Inter-level travel time spent in this place.
 D = Time resting spent in this place.
 E = Time spent auto-exploring this place.
 F = Levels seen in this place.
 G = Mean time per level.
                   A        B        C        D        E       F      G
               +--------+--------+--------+--------+--------+-----+--------+
         Total |   5180 |   5019 |    161 |    991 |   3132 |   8 |  647.5 |
       Dungeon |   5144 |   5008 |    136 |    991 |   3132 |   7 |  734.9 |
        Temple |     35 |     10 |     25 |      0 |      0 |   1 |   35.0 |
               +--------+--------+--------+--------+--------+-----+--------+

Top non-repeatable levels by time:
     D:6: 1454 daAuts
     D:5: 1157 daAuts
     D:1: 746 daAuts
     D:2: 725 daAuts
     D:3: 519 daAuts
     D:4: 278 daAuts
     D:7: 262 daAuts
  Temple: 35 daAuts
